 Dungeon Crawl Stone Soup version 0.22.1-1-ga44c0e5 (webtiles) character file.

65 empire the Charmwright (level 4, -1/38 HPs)
             Began as a Gnoll Skald on Nov 9, 2018.
             Slain by Natasha (7 damage)
             ... on level 2 of the Dungeon.
             The game lasted 00:02:51 (1577 turns).

empire the Charmwright (Gnoll Skald)                Turns: 1577, Time: 00:02:52

Health: -1/38      AC:  3    Str: 14    XL:     4   Next: 14%
Magic:  8/11       EV: 14    Int: 15    God:
Gold:   161        SH:  0    Dex: 15    Spells: 12/13 levels left

rFire    . . .     SeeInvis .   a - +0 short sword
rCold    . . .     Gourm    .   (no shield)
rNeg     . . .     Faith    .   b - +0 leather armour
rPois    .         Spirit   .   (no helmet)
rElec    .         Reflect  .   (no cloak)
rCorr    .         Harm     .   (no gloves)
MR       .....                  (no boots)
Stlth    ++........             (no amulet)
HPRegen  0.12/turn              (no ring)
MPRegen  0.12/turn              (no ring)

@: infused, slowed, very slow
A: distributed training, fangs 1, strong nose
a: no special abilities


You were on level 2 of the Dungeon.
You were not hungry.

You visited 1 branch of the dungeon, and saw 2 of its levels.

You collected 161 gold pieces.

Inventory:

Hand Weapons
 a - a +0 short sword (weapon)
Missiles
 l - 67 bolts
Armour
 b - a +0 leather armour (worn)
 m - a +0 ring mail
 n - a +0 pair of boots
Scrolls
 f - a scroll of enchant weapon {unknown}
 k - a scroll of amnesia {unknown}
 o - a scroll of magic mapping {unknown}
Potions
 c - 3 potions of mutation {unknown}
 e - a potion of degeneration {unknown}
 g - 2 potions of cancellation {unknown}
 h - a potion of magic {unknown}
 i - a potion of curing {unknown}
 j - a potion of flight {unknown}
Comestibles
 d - 4 rations
 p - a chunk of flesh


   Skills:
 + Level 4.6 Fighting
 + Level 4.6 Short Blades
 + Level 1.0 Long Blades
 + Level 1.0 Axes
 + Level 1.0 Maces & Flails
 + Level 1.0 Polearms
 + Level 1.0 Staves
 + Level 1.0 Slings
 + Level 1.0 Bows
 + Level 1.0 Crossbows
 + Level 1.0 Throwing
 + Level 2.7 Armour
 + Level 4.6 Dodging
 + Level 1.0 Stealth
 + Level 1.0 Shields
 + Level 1.0 Unarmed Combat
 + Level 5.0 Spellcasting
 + Level 0.7 Conjurations
 + Level 0.7 Hexes
 + Level 5.4 Charms
 + Level 0.7 Summonings
 + Level 0.7 Necromancy
 + Level 0.7 Translocations
 + Level 0.7 Transmutations
 + Level 0.7 Fire Magic
 + Level 0.7 Ice Magic
 + Level 0.7 Air Magic
 + Level 0.7 Earth Magic
 + Level 0.7 Poison Magic
 + Level 1.1 Invocations
 + Level 1.0 Evocations


You had 12 spell levels left.
You knew the following spells:

 Your Spells              Type           Power        Failure   Level  Hunger
a - Infusion              Chrm           ###.         2%          1    None

Your spell library contained the following spells:

 Spells                   Type           Power        Failure   Level  Hunger
 Song of Slaying          Chrm           ###.....     3%          2    ##.....
 Shroud of Golubria       Chrm/Tloc      ##........   9%          2    ##.....
 Regeneration             Chrm/Necr      ##........   17%         3    ###....
 Spectral Weapon          Hex/Chrm       ##......     17%         3    ###....


Dungeon Overview and Level Annotations

Branches:
Dungeon (2/15)

Altars:
Okawaru

Annotations:
D:2 Natasha


Innate Abilities, Weirdness & Mutations

Your experience applies equally to all skills.
You have very sharp teeth.
Your uncanny sense of smell can sniff out nearby items.


Message History

Natasha claws you!
* * * LOW HITPOINT WARNING * * *
Casting: Infusion (safe; 2% risk of failure)
Confirm with . or Enter, or press ? or * to list all spells.
You begin infusing your attacks with magical energy.
Natasha mumbles some strange words.
Natasha misses you.
Unknown command.
You closely miss Natasha.
Natasha is heavily wounded.
Natasha claws you.
* * * LOW HITPOINT WARNING * * *
You hit Natasha.
Natasha is severely wounded.
Natasha extends her claws.
Natasha closely misses you.
You hit Natasha.
Natasha is almost dead.
Natasha completely misses you. Natasha claws you!
You die...

##.#.####.#####..........).##.##.
##.#.####.............##K..##.###
...#.............##.Sg((.K.....##
#########.#####..##...###..##..##
#.# #..###.## #.S##....
####.#####..###.# #g.###.#.
#...............# #..# #.#.
#.#########.##### #..###..(
######.# #@# #...>.(#. .......#
#h# #.....).. ######## #5#
#.####(#. #.. ... #.#. ### ###.
#.#. #. #.#. ## #. #... .# #..#
.# #(.#


You could see Natasha and a white imp.

Vanquished Creatures
  An adder (D:2)
  3 oozes
  3 bats (D:1)
  3 giant cockroaches
  8 goblins
  6 hobgoblins
  2 frilled lizards (D:1)
  8 kobolds
  5 rats
39 creatures vanquished.

Notes
Turn   | Place    | Note
-------+----------+-------------------------------------------
     0 | D:1      | empire the Gnoll Skald began the quest for the Orb.
     0 | D:1      | Reached XP level 1. HP: 20/20 MP: 6/6
    85 | D:1      | Reached XP level 2. HP: 23/26 MP: 7/7
   589 | D:1      | Reached XP level 3. HP: 31/31 MP: 9/9
   677 | D:1      | Reached skill level 5 in Spellcasting
  1016 | D:2      | Found an iron altar of Okawaru.
  1029 | D:2      | Reached skill level 1 in Invocations
  1143 | D:2      | Reached skill level 1 in Long Blades
  1143 | D:2      | Reached skill level 1 in Axes
  1143 | D:2      | Reached skill level 1 in Maces & Flails
  1143 | D:2      | Reached skill level 1 in Polearms
  1143 | D:2      | Reached skill level 1 in Staves
  1143 | D:2      | Reached skill level 1 in Slings
  1143 | D:2      | Reached skill level 1 in Bows
  1143 | D:2      | Reached skill level 1 in Crossbows
  1143 | D:2      | Reached skill level 1 in Throwing
  1143 | D:2      | Reached skill level 1 in Stealth
  1143 | D:2      | Reached skill level 1 in Shields
  1143 | D:2      | Reached skill level 1 in Unarmed Combat
  1143 | D:2      | Reached skill level 1 in Evocations
  1203 | D:2      | Reached XP level 4. HP: 19/38 MP: 11/11
  1558 | D:2      | Noticed Natasha
  1577 | D:2      | Slain by Natasha

Skill      XL: |  1  2  3 |
---------------+----------+-----
Spellcasting   | 5 |  5.0
Invocations    | 1 |  1.1
Long Blades    | 1 |  1.0
Axes           | 1 |  1.0
Maces & Flails | 1 |  1.0
Polearms       | 1 |  1.0
Staves         | 1 |  1.0
Slings         | 1 |  1.0
Bows           | 1 |  1.0
Crossbows      | 1 |  1.0
Throwing       | 1 |  1.0
Stealth        | 1 |  1.0
Shields        | 1 |  1.0
Unarmed Combat | 1 |  1.0
Evocations     | 1 |  1.0
Fighting       | |  4.6
Short Blades   | |  4.6
Armour         | |  2.7
Dodging        | |  4.6
Conjurations   | |  0.7
Hexes          | |  0.7
Charms         | |  5.4
Summonings     | |  0.7
Necromancy     | |  0.7
Translocations | |  0.7
Transmutations | |  0.7
Fire Magic     | |  0.7
Ice Magic      | |  0.7
Air Magic      | |  0.7
Earth Magic    | |  0.7
Poison Magic   | |  0.7

Action                   |  1- 3 |  4- 6 || total
-------------------------+-------+-------++-------
Melee: Short sword       |   113 |    48 ||   161
       Bite              |     9 |     4 ||    13
 Cast: Infusion          |       |     1 ||     1
 Stab: Sleeping          |     1 |       ||     1
  Eat: Chunk             |     1 |     1 ||     2
Armor: Leather armour    |    14 |     2 ||    16
Dodge: Dodged            |    62 |    30 ||    92
